 Dungeon Crawl Stone Soup version 0.25.1-8-g42b30a86e7 (webtiles) character file.

Game seed: 18245789488197567284

3306 Descartes the Grappler (level 9, -1/76 HPs)
             Began as a Troll Hunter on Dec 18, 2020.
             Slain by a crocodile (14 damage)
             ... on level 8 of the Dungeon.
             The game lasted 00:14:48 (5963 turns).

Descartes the Grappler (Troll Hunter)               Turns: 5963, Time: 00:14:49

Health: -1/76      AC: 10    Str: 22    XL:     9   Next: 70%
Magic:  12/12      EV:  7    Int:  7    God:
Gold:   339        SH: 20    Dex: 13    Spells: 11/14 levels left

rFire    x . .     SeeInvis .     - Unarmed
rCold    + . .     Gourm    +   i - +4 tower shield
rNeg     . . .     Faith    .   I - +0 acid dragon scales
rPois    .         Spirit   .   (helmet restricted)
rElec    .         Reflect  .   (no cloak)
rCorr    +         Harm     .   (gloves unavailable)
MR       .....                  (boots unavailable)
Stlth    +.........             (no amulet)
HPRegen  0.62/turn              j - ring of ice
MPRegen  0.13/turn              (no ring)

@: lethally poisoned (-1 -> -6), slowed, very slow
A: large, unfitting armour, claws 3, fast metabolism 3, gourmand, regeneration
1, shaggy fur 1, tough skin 3
a: no special abilities


You were on level 8 of the Dungeon.
You were very full.

You visited 2 branches of the dungeon, and saw 9 of its levels.
You also visited: Ossuary.

You collected 339 gold pieces.

Inventory:

Missiles
 c - 5 large rocks (quivered)
 d - 2 throwing nets
 k - 53 bolts
 l - 132 arrows
 m - 154 stones
 n - 66 sling bullets
 s - 109 poisoned darts
 G - 8 silver boomerangs
 L - 8 javelins
Armour
 i - a +4 tower shield (worn)
 I - +0 acid dragon scales (worn)
Jewellery
 j - a ring of ice (left claw)
Wands
 p - a wand of acid (14)
 w - a wand of random effects (15)
 F - a wand of disintegration (7)
 N - a wand of clouds (5)
Scrolls
 a - 5 scrolls of teleportation {unknown}
 b - 2 scrolls of enchant weapon {unknown}
 e - 2 scrolls of immolation {unknown}
 g - 6 scrolls of remove curse
 o - 2 scrolls of amnesia {unknown}
 r - 3 scrolls of fear
 u - 9 scrolls of identify
 y - 2 scrolls of magic mapping {unknown}
 z - 2 scrolls of noise
 A - a scroll of vulnerability {unknown}
 K - a scroll of enchant armour
 M - a scroll of blinking {unknown}
Potions
 h - a potion of lignification {unknown}
 q - a potion of berserk rage {unknown}
 t - 5 potions of curing {unknown}
 v - a potion of flight {unknown}
 x - 2 potions of stabbing {unknown}
 B - 3 potions of haste {unknown}
 C - 2 potions of degeneration {unknown}
 D - a potion of might {unknown}
 E - a potion of brilliance {unknown}
 H - 2 potions of heal wounds
Comestibles
 f - 13 rations


   Skills:
 - Level 1.5 Fighting
 - Level 4.1 Throwing
 - Level 1.5 Dodging
 - Level 0.3 Stealth
 + Level 7.0 Shields
 + Level 8.1 Unarmed Combat
 - Level 3.0 Spellcasting
 - Level 3.0 Hexes


You had 11 spell levels left.
You knew the following spells:

 Your Spells              Type           Power        Failure   Level  Hunger
a - Confusing Touch       Hex            #.......     91%         3    ####...

Your spell library contained the following spells:

 Spells                   Type           Power        Failure   Level  Hunger
 Gell's Gravitas          Tloc           #.........   100%        3    ####...
 Petrify                  Tmut/Erth      #.......     100%        4    #####..
 Metabolic Englaciation   Hex/Ice        #.........   100%        5    ######.
 Yara's Violent Unravell  Hex/Tmut       #.........   100%        5    ######.


Dungeon Overview and Level Annotations

Branches:
Dungeon (8/15)             Temple (1/1) D:6         Ossuary (visited)
   Lair: D:8-11

Altars:
Dithmenos
Elyvilon
Fedhas
Gozag
Hepliaklqana
Kikubaaqudgha
Makhleb
Nemelex Xobeh
Okawaru
Ru
Sif Muna
Trog
Uskayaw
Xom
Yredelemnul
Zin
The Shining One


Innate Abilities, Weirdness & Mutations

You are too large for most types of armour.
You have claws for hands.
Your metabolism is lightning-fast.
You like to eat raw meat.
Your natural rate of healing is unusually fast.
You are covered in fur. (AC +1)
You have extremely tough skin. (AC +3)


Message History

You can move again.
You closely miss the yak.
You feel sick.
The hornet stings you but does no damage.
The yak gores you but does no damage.
The crocodile bites the plant!
The ice beast hits the plant.
The ice beast freezes the plant!
The porcupine twitches its whiskers.
The porcupine bites you but does no damage.
You block the hornet's attack. You block the yak's attack.
The crocodile bites the plant.
You block the yak's attack.
A yak comes into view.
The yak bellows!
You claw the yak!
The yak is moderately wounded.
You feel sick. You block the hornet's attack.
The porcupine bites you but does no damage.
You block the crocodile's attack. The yak gores you!
* * * LOW HITPOINT WARNING * * *
The yak closely misses you. The hornet closely misses you.
You block the porcupine's attack. The crocodile bites you!
You die...

##. #..# ...###
....## ....# ##
# ...###..# #.
#.t.....#
####..#@yr.....
#....YYYrr..P..
#......♣tP.....
##....P Y.P.P..
###.♣. .......
#.... ...P...
#. ?Y ...P...
#P... ♣♣♣....
..P .PP.


You could see 4 yaks, a hornet, 2 crocodiles, an ice beast and 3 porcupines.

Vanquished Creatures
  Pikel (D:6)
  Maggie (D:6)
  Sigmund (D:6)
  Menkaure (D:5)
  2 orc warriors (D:7)
  A slave (D:6)
  A black bear (D:6)
  An ogre (D:7)
  2 centaurs
  2 bullfrogs (D:7)
  2 wyvern skeletons
  2 scorpions
  A troll zombie (Ossuary)
  A howler monkey (D:7)
  3 crimson imps (D:5)
  5 hounds
  A jelly (D:7)
  5 centaur zombies
  6 orc priests
  9 orc wizards
  A centaur skeleton (D:7)
  4 worker ants
  A killer bee zombie (D:7)
  An ogre zombie (Ossuary)
  7 mummies (Ossuary)
  2 hound skeletons
  5 adders
  A shadow imp (D:5)
  An ooze (D:3)
  4 worms
  2 dart slugs (D:2)
  4 leopard geckos
  22 orcs
  10 bats
  8 giant cockroaches
  5 goblins
  8 hobgoblins
  5 jackals
  7 kobolds
  4 quokkas
  2 ball pythons
  6 frilled lizards
  3 goblin zombies (Ossuary)
  7 hobgoblin zombies (Ossuary)
  3 kobold zombies (Ossuary)
  A leopard gecko skeleton (D:5)
  A leopard gecko zombie (D:5)
  An orc zombie (Ossuary)
  6 quokka zombies (Ossuary)
  10 rats
  6 rat zombies
196 creatures vanquished.

Vanquished Creatures (others)
  An orc (D:7)
1 creature vanquished.

Grand Total: 197 creatures vanquished

Notes
Turn   | Place    | Note
-------+----------+-------------------------------------------
     0 | D:1      | Descartes the Troll Hunter began the quest for the Orb.
     0 | D:1      | Reached XP level 1. HP: 19/19 MP: 0/0
    98 | D:1      | Reached XP level 2. HP: 25/27 MP: 1/1
   655 | D:2      | Reached skill level 1 in Unarmed Combat
   678 | D:2      | Found a glowing silver altar of Zin.
   679 | D:2      | Found a hazy altar of Hepliaklqana.
   766 | D:2      | Reached XP level 3. HP: 33/33 MP: 2/2
   795 | D:2      | Reached skill level 1 in Shields
   966 | D:2      | Found a basalt altar of Yredelemnul.
  1243 | D:2      | Reached skill level 2 in Unarmed Combat
  1243 | D:2      | Reached XP level 4. HP: 41/41 MP: 3/3
  1655 | D:3      | Found an opulent altar of Gozag.
  1842 | D:3      | Found a bloodstained altar of Trog.
  1843 | D:3      | Found a shimmering blue altar of Sif Muna.
  2054 | D:3      | You fall into a shaft and drop 2 floors!
  2054 | D:5      | Entered Level 5 of the Dungeon
  2055 | D:5      | Reached XP level 5. HP: 48/48 MP: 4/4
  2078 | D:5      | Reached skill level 3 in Unarmed Combat
  2095 | D:5      | Found a sand-covered staircase.
  2102 | Ossuary  | Entered an ossuary
  2195 | Ossuary  | Reached XP level 6. HP: 15/55 MP: 5/5
  2277 | Ossuary  | Reached skill level 4 in Unarmed Combat
  2640 | D:5      | Reached XP level 7. HP: 37/62 MP: 6/6
  2670 | D:5      | Learned a level 3 spell: Confusing Touch
  2768 | D:5      | Reached skill level 5 in Unarmed Combat
  2854 | D:5      | Noticed Menkaure
  2865 | D:5      | Killed Menkaure
  2865 | D:5      | Reached skill level 1 in Spellcasting
  2865 | D:5      | Reached skill level 1 in Hexes
  3182 | D:5      | Reached XP level 8. HP: 27/70 MP: 9/9
  3679 | D:4      | Found an ancient bone altar of Kikubaaqudgha.
  4488 | D:6      | Noticed Maggie
  4490 | D:6      | Noticed Sigmund
  4501 | D:6      | Killed Maggie
  4501 | D:6      | Reached skill level 5 in Shields
  4501 | D:6      | Reached skill level 6 in Unarmed Combat
  4520 | D:6      | Killed Sigmund
  4580 | D:6      | Found a sparkling altar of Nemelex Xobeh.
  4762 | D:6      | Reached XP level 9. HP: 76/76 MP: 11/11
  4801 | D:6      | Noticed Pikel
  4841 | D:6      | Killed Pikel
  4841 | D:6      | Reached skill level 7 in Unarmed Combat
  4864 | D:6      | Found a staircase to the Ecumenical Temple.
  5083 | Temple   | Entered the Ecumenical Temple
  5583 | D:7      | Reached skill level 8 in Unarmed Combat
  5959 | D:8      | Paralysed by a hornet for 3 turns
  5963 | D:8      | Slain by a crocodile

Illustrated notes

Levels and vault maps discovered:
D:1:      minmay_arrival_stone_box, layout_basic
D:2:      minmay_razor_zed, layout_basic, grunt_temple_overflow_open,
          lemuel_doored_altar, minivault_25
D:3:      layout_loops_ring, nicolae_gozag_cash_rules_everything_around_me,
          gammafunk_temple_overflow_pools
D:4:      layout_loops_ring, kiku_gazebo_garden_becter
D:5:      layout_cave_pools, enter_ossuary_3, first_ration, uniq_menkaure
D:6:      layout_cave_pools, nemelex_xobeh_ov_fountains_minmay,
          minmay_temple_entry_statues_fountains, uniq_sigmund, uniq_maggie,
          uniq_pikel
D:7:      layout_loops_ring
D:8:      layout_cave_pools, nicolae_qazlal_eye_of_the_storm, minitemple,
          minmay_lair_entry_grove
Temple:   nicolae_temple_figure_zero

Skill      XL: |  1  2  3  4  5  6  7  8  9 |
---------------+----------------------------+-----
Throwing       | 4 |  4.1
Unarmed Combat | 1 2 3 4 5 6 8 |  8.1
Shields        | 1 2 3 4 5 7 |  7.0
Spellcasting   | 1 2 3 |  3.0
Hexes          | 1 2 3 |  3.0
Fighting       | |  1.5
Dodging        | |  1.5
Stealth        | |  0.3

Action                   |  1- 3 |  4- 6 |  7- 9 || total
-------------------------+-------+-------+-------++-------
Melee: Unarmed           |   123 |   240 |   353 ||   716
  Use: Scroll            |       |     6 |       ||     6
       Potion            |       |     1 |     1 ||     2
 Stab: Sleeping          |     2 |     9 |     1 ||    12
  Eat: Chunk             |    17 |    13 |    30 ||    60
Armor: Robe              |    34 |    38 |    67 ||   139
       Acid dragon scale |       |       |    54 ||    54
Dodge: Dodged            |    35 |    26 |    65 ||   126
Block: Tower shield      |    80 |   166 |   369 ||   615
